 Dungeon Crawl Stone Soup version 0.19-a0-20-g1ce5f50 (webtiles) character file.

135 tyvek the Poker (level 5, -4/41 HPs)
             Began as a Merfolk Skald on May 1, 2016.
             Slain by Grinder (5 damage)
             ... on level 3 of the Dungeon.
             The game lasted 00:03:10 (2209 turns).

tyvek the Poker (Merfolk Skald)                     Turns: 2209, Time: 00:03:11

Health: -4/41      AC:  4    Str: 12    XL:     5   Next: 18%
Magic:  4/8        EV: 12    Int: 13    God:
Gold:   48         SH:  0    Dex: 13    Spells: 3 memorised, 3 levels left

rFire  . . .     SeeInvis .     a - +0 spear
rCold  . . .     Gourm    .     b - +0 leather armour
rNeg   . . .     Faith    .     (no shield)
rPois  .         Spirit   .     (no helmet)
rElec  .         Dismiss  .     (no cloak)
rCorr  .         Reflect  .     j - +0 pair of gloves
SustAt .         Harm     .     (no boots)
MR     .....                    (no amulet)
Stlth  +.........               (no ring)
                                (no ring)

@: infused, not resistant to hostile enchantments, very unstealthy
A: change form in water, swift swim
a: no special abilities


You were on level 3 of the Dungeon.
You were not hungry.

You visited 1 branch of the dungeon, and saw 3 of its levels.

You collected 48 gold pieces.

Inventory:

Hand Weapons
 a - a +0 spear (weapon)
Armour
 b - a +0 leather armour (worn)
 j - a +0 pair of gloves (worn)
   (You found it on level 1 of the Dungeon)
Potions
 e - a potion of flight
 l - a potion of resistance
Books
 c - a book of Battle
Comestibles
 d - 2 bread rations {@e1}
 f - a royal jelly
 h - 3 meat rations {@e2}


   Skills:
 + Level 3.1 Fighting
 + Level 5.2 Polearms
 - Level 0.6 Armour
 + Level 3.3 Dodging
 - Level 2.0 Spellcasting
 + Level 4.0 Charms


You had 3 spell levels left.
You knew the following spells:

 Your Spells              Type           Power        Failure   Level  Hunger
a - Infusion              Chrm           ##..         8%          1    ##.....
s - Shroud of Golubria    Chrm/Tloc      #.........   21%         2    ###....
S - Song of Slaying       Chrm           ##......     12%         2    ###....


Dungeon Overview and Level Annotations

Branches:
Dungeon (3/15)

Altars:
Qazlal

Annotations:
D:3 Grinder


Message History

You kill the hobgoblin!
The dart slug launches a dart at you. The slug dart hits you!
You take 1 damage, and have 32/34 hp.
Attack whom?
Aim: a dart slug (clinging)
You reach to attack!
You hit the dart slug. You hit the dart slug. The dart slug misses you.
Jessica the Apprentice Sorceress comes into view.
Jessica shouts!
You hit the dart slug.
You kill the dart slug!
Attack whom?
Aim: Jessica, wearing a robe You reach to attack!
You hit Jessica but do no damage.
Jessica casts a spell.
Jessica blinks!
You begin infusing your attacks with magical energy.
You now have 6/7 mp.
Unknown command.
Jessica points at you and mumbles some strange words.
Pain shoots through your body!
You take 7 damage, and have 26/34 hp.
MASSIVE DAMAGE!!
You hit Jessica. Jessica hits you.
You take 4 damage, and have 22/34 hp.
You now have 5/7 mp.
You closely miss Jessica. Jessica closely misses you.
You barely miss Jessica. You hit Jessica.
Jessica casts a spell.
Jessica seems to speed up.
You now have 4/7 mp.
You closely miss Jessica. Jessica closely misses you.
Jessica barely misses you.
You hit Jessica!
You kill Jessica!
Your Fighting skill increases to level 3!
Your Charms skill increases to level 4!
You have reached level 5!
You feel clever.
You regained 5 hp, and now have 27/41 hp.
You now have 3/8 mp.
You see here a robe.
You start resting.
Your magical infusion is running out.
You start resting.
You are no longer magically infusing your attacks.
Unknown command.
You start resting.
All of the chunks of flesh in your inventory have rotted away.
Health restored: 41; MP restored: 8
Found a stormy altar of Qazlal.
Grinder comes into view.
Grinder shouts!
Attack whom?
Aim: Grinder You reach to attack!
You barely miss Grinder.
You begin infusing your attacks with magical energy.
A giant newt comes into view.
You now have 7/8 mp.
You hit Grinder. Grinder misses you.
You closely miss Grinder. Grinder hits you!
You take 9 damage, and have 32/41 hp.
MASSIVE DAMAGE!!
You hit Grinder. Grinder hits you.
You writhe in agony.
You take 8 damage, and have 24/41 hp.
You now have 6/8 mp.
You hit Grinder.
Grinder blinks!
You now have 5/8 mp.
Grinder blinks!
Your magical infusion is running out.
The giant newt bites you. Grinder gestures at you.
You suddenly lose the ability to move!
The giant newt bites you but does no damage. x2
The giant newt barely misses you. Grinder gestures at you.
You resist with significant effort. The giant newt bites you.
Grinder gestures at you.
You shrug off the repeated paralysis!
The giant newt bites you.
You can move again.
You take 7 damage, and have 18/41 hp.
You barely miss Grinder.
You are no longer magically infusing your attacks.
Grinder hits you.
You writhe in agony.
* * * LOW HITPOINT WARNING * * *
The giant newt bites you.
* * * LOW HITPOINT WARNING * * *
You take 10 damage, and have 8/41 hp.
MASSIVE DAMAGE!!
You begin infusing your attacks with magical energy.
Grinder hits you.
* * * LOW HITPOINT WARNING * * *
You writhe in agony.
* * * LOW HITPOINT WARNING * * *
The giant newt bites you but does no damage.
You take 7 damage, and have 1/41 hp.
You now have 5/8 mp.
You hit Grinder but do no damage. Grinder barely misses you.
The giant newt closely misses you.
You hit Grinder. Grinder hits you.
You die...

#... ..+#.# #
##... #....#
.# .....
#....###.###
.#.#.
#......(.....
# #.
#............
#.
#............
#.
#...l5.......
#. #@........
#. #.........
## #.........
#####
#.........
#...[
#.###.#...
#.###
#.###.### #
#.#
#.#§...§#.#
#.#
#.#.....#.#
#.#
#...._....#
#.#


You could see Grinder and a giant newt.

Vanquished Creatures
  Jessica (D:3)
  Ijyb (D:2)
  3 adders (D:2)
  2 worms (D:2)
  2 dart slugs
  A giant gecko (D:2)
  4 bats
  2 giant cockroaches (D:1)
  4 goblins
  10 hobgoblins
  5 kobolds
  2 ball pythons (D:2)
  9 giant newts
  2 rats
48 creatures vanquished.

Notes
Turn   | Place    | Note
--------------------------------------------------------------
     0 | D:1      | tyvek the Merfolk Skald began the quest for the Orb.
     0 | D:1      | Reached XP level 1. HP: 16/16 MP: 3/3
    81 | D:1      | Reached XP level 2. HP: 22/22 MP: 5/5
   253 | D:1      | Reached skill level 2 in Dodging
   511 | D:1      | Learned a level 2 spell: Song of Slaying
   514 | D:1      | Learned a level 2 spell: Shroud of Golubria
   547 | D:2      | Reached XP level 3. HP: 8/28 MP: 0/6
   843 | D:2      | Noticed Ijyb
   861 | D:2      | Killed Ijyb
   861 | D:2      | Reached skill level 4 in Polearms
  1085 | D:2      | Reached XP level 4. HP: 26/34 MP: 2/7
  1508 | D:2      | Reached skill level 3 in Dodging
  2001 | D:2      | Reached skill level 5 in Polearms
  2041 | D:3      | Noticed Jessica
  2053 | D:3      | Killed Jessica
  2053 | D:3      | Reached skill level 3 in Fighting
  2053 | D:3      | Reached skill level 4 in Charms
  2053 | D:3      | Reached XP level 5. HP: 27/41 MP: 3/8
  2182 | D:3      | Found a stormy altar of Qazlal.
  2191 | D:3      | Noticed Grinder
  2200 | D:3      | Paralysed by Grinder for 6 turns
  2206 | D:3      | HP: 8/41 [giant newt (3)]
  2207 | D:3      | HP: 1/41 [Grinder (6)]
  2209 | D:3      | Slain by Grinder

Vault maps used:
D:1:      saegor_arrival_simple_e
D:2:      grunt_ministairs_6, hangedman_decor_push, minmay_lizard_king,
          uniq_iyjb
D:3:      tgw_xom, kiku_gazebo_garden_becter, first_bread, grunt_qazlal_clouds,
          uniq_natasha, uniq_grinder, uniq_jessica

Skill      XL: |  1  2  3  4 |
---------------+-------------+-----
Dodging        | 2 3 |  3.3
Polearms       | 4 5 |  5.2
Fighting       | 3 |  3.1
Charms         | 4 |  4.0
Armour         | |  0.6
Spellcasting   | |  2.0

Action                   |  1- 3 |  4- 6 || total
-------------------------+-------+-------++-------
Melee: Spear             |   106 |    86 ||   192
 Cast: Infusion          |     4 |     4 ||     8
  Use: Scroll            |       |     4 ||     4
  Eat: Chunk             |       |     4 ||     4
Armor: Leather armour    |    17 |     9 ||    26
Dodge: Dodged            |    41 |    32 ||    73

Vault maps used:
D:1:      saegor_arrival_simple_e
D:2:      grunt_ministairs_6, hangedman_decor_push, minmay_lizard_king,
          uniq_iyjb
D:3:      tgw_xom, kiku_gazebo_garden_becter, first_bread, grunt_qazlal_clouds,
          uniq_natasha, uniq_grinder, uniq_jessica

Table legend:
 A = Turns spent in this place as a percentage of turns spent in the entire game.
 B = Non-inter-level travel turns spent in this place as a percentage of non-inter-level travel turns spent in the entire game.
 C = Inter-level travel turns spent in this place as a percentage of turns spent in this place.
 D = Turns resting spent in this place as a percentage of non-inter-level travel turns spent in this place.
 E = Turns spent auto-exploring this place as a percentage of non-inter-level travel turns spent in this place.
 F = Non-inter-level travel turns spent in this place divided by the number of levels of this place that you've seen.
                   A       B       C       D       E      F
               +-------+-------+-------+-------+-------+----------------------
         Total | 100.0 | 100.0 |   0.5 |   3.7 |  13.9 | 191.3
       Dungeon | 100.0 | 100.0 |   0.5 |   3.7 |  13.9 | 191.3
               +-------+-------+-------+-------+-------+----------------------

Table legend:
 A = Kills in this place as a percentage of kills in entire the game.
 B = Kills by you in this place as a percentage of kills by you in the entire game.
 C = Kills by friends in this place as a percentage of kills by friends in the entire game.
 D = Other kills in this place as a percentage of other kills in the entire game.
 E = Experience gained in this place as a percentage of experience gained in the entire game.
 F = Experience gained in this place divided by the number of levels of this place that you have seen.
                   A       B       C       D       E      F
               +-------+-------+-------+-------+-------+----------------------
         Total | 100.0 | 100.0 |  -nan |  -nan | 100.0 |  64.3
       Dungeon | 100.0 | 100.0 |  -nan |  -nan | 100.0 |  64.3
               +-------+-------+-------+-------+-------+----------------------
